 Dungeon Crawl Stone Soup version 0.18.1-5-g4a78601 (webtiles) character file.

567 shmeve the Sneak (level 7, -4/54 HPs)
             Began as a Vampire Berserker on May 12, 2016.
             Was a Priest of Trog.
             Slain by an iguana (8 damage)
             ... on level 5 of the Dungeon.
             The game lasted 00:06:01 (3475 turns).

shmeve the Sneak (Vampire Berserker)                Turns: 3475, Time: 00:06:02

Health: -4/54      AC: 11    Str: 16    XL:     7   Next: 11%
Magic:  7/7        EV:  6    Int:  9    God:    Trog [***...]
Gold:   350        SH:  0    Dex: 14    Spells: 0 memorised, 6 levels left

rFire  . . .     SeeInvis +     s - +0 war axe
rCold  . . .     Gourm    .     l - +0 plate armour
rNeg   + . .     Faith    .     (no shield)
rPois  .         Spirit   .     (no helmet)
rElec  .         Dismiss  .     (no cloak)
rCorr  .         Reflect  .     (no gloves)
SustAt .         Harm     .     (no boots)
MR     .....                    (no amulet)
Stlth  ..........               (no ring)
                                r - -2 ring of strength (curse)

@: not resistant to hostile enchantments, extremely unstealthy
A: fangs 3, see invisible, unbreathing
a: Bat Form, Berserk, Trog's Hand, Burn Spellbooks, Renounce Religion


You were on level 5 of the Dungeon.
You worshipped Trog.
Trog was most pleased with you.
You were not thirsty.

You visited 1 branch of the dungeon, and saw 5 of its levels.

You collected 350 gold pieces.

Inventory:

Hand Weapons
 s - a +0 war axe (weapon)
Armour
 l - a +0 plate armour (worn)
Jewellery
 r - a cursed -2 ring of strength (left hand)
Scrolls
 b - a scroll of fear {unknown}
 d - 3 scrolls of teleportation {unknown}
 f - 4 scrolls of identify {unknown}
 h - 2 scrolls of remove curse {unknown}
 j - a scroll of enchant armour {unknown}
 m - 2 scrolls of magic mapping {unknown}
 n - a scroll of enchant weapon {unknown}
 o - 2 scrolls of fog {unknown}
Potions
 c - a potion of blood
 e - a potion of resistance {unknown}
 g - 3 potions of curing {unknown}
 i - 3 potions of haste {unknown}
 k - a potion of might {unknown}
 p - a potion of lignification {unknown}
 q - a potion of heal wounds {unknown}


   Skills:
 * Level 4.0 Fighting
 * Level 4.2 Axes
 + Level 2.5 Armour
 * Level 4.4 Dodging
 * Level 5.7 Stealth


You had 6 spell levels left.
You didn't know any spells.

Dungeon Overview and Level Annotations

Branches:
Dungeon (5/15)
 Temple: D:4-7

Altars:
Ashenzari
Pakellas
Qazlal
Ru
Trog
Xom
Zin
The Shining One

Annotations:
D:5 Blork the orc


Innate Abilities, Weirdness & Mutations

You have razor-sharp teeth.
You have supernaturally acute eyesight.
You can survive without breathing.


Message History

* * * LOW HITPOINT WARNING * * *
Unknown command.
Blork the orc hits you but does no damage.
The iguana bites you but does no damage.
You slash Blork the orc!
Blork the orc is moderately wounded.
You hit the iguana.
The iguana is moderately wounded.
Blork the orc hits you with a glaive.
* * * LOW HITPOINT WARNING * * *
The iguana bites you!
* * * LOW HITPOINT WARNING * * *
Blork the orc casts a cantrip, but nothing happens.
You hit Blork the orc but do no damage.
Blork the orc is moderately wounded.
You hit the iguana but do no damage.
The iguana is moderately wounded.
Your plate armour prevents you from hitting the ice beast.
Blork the orc barely misses you. The iguana bites you!
You die...

#..# #..............#
#.## #..............#
####.# #...........<..#
.....####........<.....#
.§.....................#
§§......###.............
...≈....# #.##..........
§≈§≈§..## #....Ylo......
≈§§§§≈.# #.....@......#
>§≈≈§≈≈# #...........#.
§§§§≈§≈# #...##........
≈§≈§...# #.######.##.##
#..# .# .. #.## .# . ..
. .


You could see Blork the orc, an ice beast and an iguana.

Vanquished Creatures
  The ghost of neil the Stinger, an amateur DDVM (D:4)
  An ogre (D:5)
  A giant frog zombie (D:5)
  A hound (D:5)
  A giant frog skeleton (D:4)
  An orc wizard (D:4)
  An iguana (D:5)
  A worker ant (D:4)
  5 adders
  An ooze (D:4)
  2 dart slugs
  A giant gecko (D:3)
  5 orcs
  2 giant cockroaches
  3 goblins
  7 hobgoblins
  4 jackals (D:1)
  A quokka (D:2)
  A ball python (D:2)
  9 bats
  4 giant newts
  4 kobolds
  7 rats
64 creatures vanquished.

Vanquished Creatures (others)
  An adder (D:1)
  A giant newt (D:1)
2 creatures vanquished.

Grand Total: 66 creatures vanquished

Notes
Turn   | Place    | Note
--------------------------------------------------------------
     0 | D:1      | shmeve the Vampire Berserker began the quest for the Orb.
     0 | D:1      | Reached XP level 1. HP: 17/17 MP: 1/1
    48 | D:1      | Reached skill level 1 in Stealth
   252 | D:1      | Reached XP level 2. HP: 11/23 MP: 2/2
   655 | D:1      | Reached ** piety under Trog
   783 | D:2      | Reached skill level 2 in Stealth
   877 | D:2      | Reached XP level 3. HP: 20/28 MP: 3/3
  1096 | D:2      | Found an oddly glowing altar of Pakellas.
  1469 | D:3      | Reached XP level 4. HP: 35/35 MP: 4/4
  1867 | D:3      | Found a stormy altar of Qazlal.
  2011 | D:4      | Found a shattered altar of Ashenzari.
  2016 | D:4      | Noticed neil's ghost (amateur DDVM)
  2028 | D:4      | Killed neil's ghost
  2028 | D:4      | Reached skill level 4 in Stealth
  2028 | D:4      | Reached XP level 5. HP: 42/42 MP: 5/5
  2028 | D:4      | Reached XP level 6. HP: 48/48 MP: 6/6
  2098 | D:4      | Found a glowing silver altar of Zin.
  2173 | D:4      | Found a bloodstained altar of Trog.
  2174 | D:4      | Found a shimmering altar of Xom.
  2558 | D:4      | Reached skill level 5 in Stealth
  2587 | D:4      | Found a sacrificial altar of Ru.
  2785 | D:4      | Found a glowing golden altar of the Shining One.
  3090 | D:5      | Entered Level 5 of the Dungeon
  3127 | D:5      | Reached XP level 7. HP: 32/54 MP: 7/7
  3146 | D:5      | HP: 1/54 [iguana (4)]
  3148 | D:5      | Reached *** piety under Trog
  3455 | D:5      | Found a stormy altar of Qazlal.
  3465 | D:5      | Noticed Blork the orc
  3475 | D:5      | Slain by an iguana

Skill      XL: |  1  2  3  4  5  6 |
---------------+-------------------+-----
Stealth        | 1 2 4 5 |  5.7
Axes           | 3 4 |  4.2
Fighting       | 3 4 |  4.0
Dodging        | 3 4 |  4.4
Armour         | 2 |  2.5

Action                   |  1- 3 |  4- 6 |  7- 9 || total
-------------------------+-------+-------+-------++-------
Melee: Hand axe          |   104 |   125 |    12 ||   241
       Bite              |    10 |    22 |     2 ||    34
       War axe           |       |       |     6 ||     6
Invok: Berserk           |     1 |     2 |       ||     3
  Use: Potion            |       |     2 |       ||     2
 Stab: Sleeping          |     1 |       |       ||     1
  Eat: Corpse            |     9 |     7 |     1 ||    17
Armor: Animal skin       |     2 |       |       ||     2
       Chain mail        |    23 |       |       ||    23
       Plate armour      |    31 |   101 |     6 ||   138
Dodge: Dodged            |    58 |    56 |     6 ||   120
